 Dungeon Crawl Stone Soup version 0.23.0 (webtiles) character file.

Game seed: 2225698591048538297

9354 BarneyGumball the Severer (level 11, -2/82 HPs)
             Began as a Minotaur Berserker on Feb 22, 2019.
             Was an Elder of Trog.
             Slain by a tengu conjurer (3 damage)
             ... on level 9 of the Dungeon.
             The game lasted 00:10:20 (8918 turns).

BarneyGumball the Severer (Minotaur Berserker)      Turns: 8918, Time: 00:10:21

Health: -2/82      AC: 13    Str: 25    XL:     11   Next: 21%
Magic:  10/10      EV:  9    Int:  4    God:    Trog [****..]
Gold:   449        SH:  0    Dex: 10    Spells: 10/10 levels left

rFire    . . .     SeeInvis .   H - +4 war axe
rCold    . . .     Gourm    .   (no shield)
rNeg     . . .     Faith    .   m - +0 chain mail
rPois    .         Spirit   .   (helmet restricted)
rElec    .         Reflect  .   (no cloak)
rCorr    .         Harm     .   (no gloves)
MR       .....                  n - +0 pair of boots
Stlth    ..........             (no amulet)
HPRegen  0.23/turn              (no ring)
MPRegen  0.12/turn              (no ring)

@: berserk cooldown, slowed, very slow
A: retaliatory headbutt, horns 2
a: Berserk, Trog's Hand, Brothers in Arms, Renounce Religion


You were on level 9 of the Dungeon.
You worshipped Trog.
Trog was greatly pleased with you.
You were near starving.

You visited 1 branch of the dungeon, and saw 9 of its levels.

You collected 449 gold pieces.

Inventory:

Hand Weapons
 r - a +2 hand axe of flaming
 H - a +4 war axe (weapon)
Missiles
 q - a throwing net (quivered)
Armour
 m - a +0 chain mail (worn)
 n - a +0 pair of boots (worn)
Jewellery
 d - an uncursed ring of poison resistance {unknown}
 e - an uncursed ring of ice {unknown}
 j - a cursed ring of attention {unknown}
 x - a cursed -3 ring of intelligence {unknown}
Wands
 o - a wand of flame (12)
 D - a wand of iceblast (5)
 F - a wand of acid (10)
 G - a wand of digging (2)
Scrolls
 a - 3 scrolls of blinking {unknown}
 b - 4 scrolls of enchant armour {unknown}
 f - 7 scrolls of remove curse
 i - 3 scrolls of fog {unknown}
 k - a scroll of magic mapping {unknown}
 l - 4 scrolls of teleportation {unknown}
 s - 8 scrolls of identify {unknown}
 w - a scroll of vulnerability {unknown}
 y - 2 scrolls of fear {unknown}
 z - a scroll of immolation {unknown}
 B - 3 scrolls of random uselessness {unknown}
 E - 2 scrolls of amnesia {unknown}
Potions
 g - a potion of curing {unknown}
 h - 2 potions of heal wounds {unknown}
 p - 3 potions of degeneration {unknown}
 t - a potion of resistance {unknown}
 u - a potion of cancellation {unknown}
 v - 3 potions of lignification {unknown}
 A - 2 potions of might {unknown}
 C - a potion of flight {unknown}
 I - a potion of haste {unknown}
Comestibles
 c - 15 rations
 J - a chunk of flesh


   Skills:
 - Level 3.6 Fighting
 * Level 16.3 Axes
 + Level 12.1 Armour
 - Level 2.1 Dodging


You had 10 spell levels left.
You didn't know any spells.
Your spell library was empty.

Dungeon Overview and Level Annotations

Branches:
Dungeon (9/15)             Temple (0/1) D:5            Lair (0/6) D:8
    Orc: D:9-12

Altars:
Dithmenos
Gozag
Kikubaaqudgha
Nemelex Xobeh
Ru
Trog
Vehumet
Zin
Jiyva

Shops:
D:7 [

Annotations:
D:9 exclusions: electric eel and 4 more exclusions


Innate Abilities, Weirdness & Mutations

You reflexively headbutt those who attack you in melee.
You have a pair of horns on your head.


Message History

* * * LOW HITPOINT WARNING * * *
The tengu conjurer pecks you but does no damage.
The tengu conjurer claws you but does no damage.
Your two-headed ogre goes berserk!
You are near starving!
Trog will no longer gift you weapons. The tengu conjurer hits you.
* * * LOW HITPOINT WARNING * * *
The tengu conjurer pecks you but does no damage.
The tengu conjurer claws you but does no damage.
As you read the scroll labeled FEICHO ADIPT, it crumbles to dust.
You feel blessed for a moment.
It was a scroll of remove curse.
The tengu conjurer closely misses you.
The tengu conjurer barely misses you. x2
The jelly hits you but does no damage.
Your two-headed ogre closely misses the tengu conjurer.
The tengu conjurer blocks your two-headed ogre's attack.
The tengu conjurer hits you.
* * * LOW HITPOINT WARNING * * *
The tengu conjurer barely misses you. The tengu conjurer claws you.
You die...

###### .....# ....# #..#
. #.*################
... #..................
.....#)O................
.8....Q@..(.............
.....#)J................
... #..................
. #..................
##..................
....................
...$..>..............
.....................
....................


You could see a tengu conjurer, a jelly, a battlesphere and a friendly
two-headed ogre (berserk).

Vanquished Creatures
  4 two-headed ogres (D:9)
  A skeletal warrior (D:9)
  Pikel (D:5)
  An ugly thing (D:9)
  A komodo dragon (D:8)
  A hippogriff (D:9)
  A yak (D:9)
  2 wyverns
  Menkaure (D:5)
  Duvessa (D:5)
  3 sky beasts
  2 orc warriors
  An ice beast (D:5)
  A slave (D:5)
  6 black bears
  An ogre (D:5)
  2 phantoms (D:7)
  A necrophage (D:5)
  8 centaurs
  A big kobold (D:7)
  5 bullfrogs
  5 scorpions
  9 wights (D:8)
  3 electric eels (D:7)
  5 crimson imps
  5 jellies
  A bullfrog zombie (D:9)
  3 orc wizards
  7 orc priests
  3 bullfrog skeletons
  Terence (D:3)
  Ijyb (D:3)
  Natasha (D:4)
  2 iguanas
  6 worker ants
  A hound zombie (D:7)
  6 gnolls
  9 adders
  3 shadow imps
  5 oozes (D:9)
  2 adder zombies (D:9)
  3 worms
  2 leopard geckos
  16 orcs
  4 ball pythons
  3 bats
  4 giant cockroaches
  6 goblins
  7 hobgoblins
  4 jackals (D:5)
  2 quokkas
  4 frilled lizards
  14 kobolds
  A leopard gecko skeleton (D:5)
  A quokka zombie (D:5)
  4 rats
198 creatures vanquished.

Vanquished Creatures (others)
  2 slaves (D:5)
  Dowan (D:5)
  A bullfrog zombie (D:5)
  An orc priest (D:5)
  A worker ant (D:5)
  An adder (D:7)
  4 orcs (D:5)
  A giant cockroach (D:5)
  2 plants
14 creatures vanquished.

Grand Total: 212 creatures vanquished

Notes
Turn   | Place    | Note
-------+----------+-------------------------------------------
     0 | D:1      | BarneyGumball the Minotaur Berserker began the quest for
                  | the Orb.
     0 | D:1      | Reached XP level 1. HP: 19/19 MP: 0/0
   202 | D:1      | Reached skill level 4 in Axes
   299 | D:1      | Reached XP level 2. HP: 26/26 MP: 1/1
   802 | D:2      | Reached ** piety under Trog
   814 | D:2      | Reached XP level 3. HP: 19/31 MP: 2/2
  1472 | D:2      | Reached skill level 5 in Axes
  1472 | D:2      | Reached XP level 4. HP: 39/39 MP: 3/3
  1773 | D:2      | Reached skill level 6 in Axes
  1798 | D:2      | Found an opulent altar of Gozag.
  2064 | D:3      | Reached XP level 5. HP: 45/45 MP: 4/4
  2098 | D:3      | Noticed Terence
  2107 | D:3      | Killed Terence
  2769 | D:3      | Noticed Ijyb
  2779 | D:3      | Killed Ijyb
  2779 | D:3      | Reached skill level 7 in Axes
  2779 | D:3      | Reached XP level 6. HP: 44/51 MP: 5/5
  3142 | D:4      | Noticed Natasha
  3149 | D:4      | Killed Natasha
  3216 | D:4      | You fall through a shaft!
  3216 | D:5      | Entered Level 5 of the Dungeon
  3216 | D:5      | Noticed Pikel
  3216 | D:5      | Noticed a slave
  3216 | D:5      | Noticed a slave
  3216 | D:5      | Noticed a slave
  3216 | D:5      | Noticed a slave
  3224 | D:5      | Killed a slave
  3224 | D:5      | Reached skill level 5 in Armour
  3225 | D:5      | Killed Pikel
  3225 | D:5      | Reached skill level 9 in Axes
  3225 | D:5      | Reached XP level 7. HP: 57/57 MP: 6/6
  3330 | D:5      | Reached *** piety under Trog
  3333 | D:5      | Killed Dowan
  3342 | D:5      | Noticed Duvessa
  3588 | D:5      | Noticed Menkaure
  3598 | D:5      | Killed Duvessa
  3598 | D:5      | Reached skill level 10 in Axes
  3598 | D:5      | Reached XP level 8. HP: 64/64 MP: 7/7
  3600 | D:5      | Killed Menkaure
  4092 | D:5      | Reached skill level 11 in Axes
  4273 | D:5      | Found a staircase to the Ecumenical Temple.
  4612 | D:6      | Found a sparkling altar of Nemelex Xobeh.
  4612 | D:6      | Found a glowing silver altar of Zin.
  4715 | D:6      | Reached XP level 9. HP: 70/70 MP: 8/8
  4883 | D:6      | Reached skill level 12 in Axes
  5181 | D:6      | Found a radiant altar of Vehumet.
  5448 | D:7      | Found a sacrificial altar of Ru.
  5682 | D:7      | Found Haawnol's Armour Shop.
  6029 | D:7      | Reached skill level 13 in Axes
  6473 | D:7      | Reached **** piety under Trog
  7039 | D:8      | Found a sacrificial altar of Ru.
  7075 | D:8      | Reached skill level 10 in Armour
  7292 | D:8      | Found an ancient bone altar of Kikubaaqudgha.
  7360 | D:8      | Reached XP level 10. HP: 68/77 MP: 9/9
  7432 | D:8      | Found a bloodstained altar of Trog.
  7438 | D:8      | Reached skill level 14 in Axes
  7559 | D:8      | Found a flagged portal.
  7639 | D:8      | Reached ***** piety under Trog
  7680 | D:8      | Found a staircase to the Lair.
  8073 | D:9      | Received a gift from Trog
  8189 | D:9      | Found a viscous altar of Jiyva.
  8434 | D:9      | Found a shadowy altar of Dithmenos.
  8480 | D:9      | Noticed a two-headed ogre
  8494 | D:9      | HP: 2/115 [two-headed ogre/+0 giant club (10)]
  8496 | D:9      | Killed a two-headed ogre
  8496 | D:9      | Reached skill level 15 in Axes
  8670 | D:9      | Noticed a two-headed ogre
  8778 | D:9      | Killed a two-headed ogre
  8876 | D:9      | Noticed a two-headed ogre
  8877 | D:9      | Noticed a red ugly thing
  8877 | D:9      | Noticed a skeletal warrior
  8879 | D:9      | Noticed a two-headed ogre
  8887 | D:9      | Killed a red ugly thing
  8889 | D:9      | Killed a two-headed ogre
  8889 | D:9      | Reached XP level 11. HP: 82/82 MP: 10/10
  8896 | D:9      | Killed a skeletal warrior
  8896 | D:9      | Reached skill level 16 in Axes
  8897 | D:9      | Killed a two-headed ogre
  8918 | D:9      | HP: 1/82 [tengu conjurer (5)]
  8918 | D:9      | Slain by a tengu conjurer

Skill      XL: |  1  2  3  4  5  6  7  8  9 10 11 |
---------------+----------------------------------+-----
Axes           | 4 5 6 7 9 10 11 13 15 16 | 16.3
Armour         | 3 4 6 8 10 11 12 | 12.1
Fighting       | |  3.6
Dodging        | |  2.1

Action                   |  1- 3 |  4- 6 |  7- 9 | 10-12 || total
-------------------------+-------+-------+-------+-------++-------
Melee: Hand axe          |    79 |   112 |    59 |       ||   250
       Headbutt          |     6 |    18 |    48 |    21 ||    93
       War axe           |       |       |   182 |   115 ||   297
Throw: Throwing net      |       |     3 |       |       ||     3
Invok: Berserk           |     1 |     3 |     6 |     5 ||    15
       Trog's Hand       |       |       |       |     1 ||     1
       Brothers in Arms  |       |       |       |     1 ||     1
  Use: Scroll            |       |       |       |     1 ||     1
  Eat: Chunk             |     1 |     9 |    15 |     6 ||    31
       Ration            |       |       |     1 |     1 ||     2
Armor: Animal skin       |     7 |       |       |       ||     7
       Scale mail        |    13 |       |       |       ||    13
       Ring mail         |     2 |       |       |       ||     2
       Chain mail        |     1 |    44 |    94 |    91 ||   230
Dodge: Dodged            |    42 |    24 |   105 |    53 ||   224
